 Dungeon Crawl Stone Soup version 0.28-b1-70-g80dc712255 (webtiles) character file.

Game seed: 9840235056661011187

119 crazypyro the Skirmisher (level 4, -8/37 HPs)
             Began as a Demonspawn Fighter on Feb 3, 2022.
             Mangled by an iguana (11 damage)
             ... on level 3 of the Dungeon.
             The game lasted 00:01:58 (2645 turns).

crazypyro the Skirmisher (Demonspawn Fighter)       Turns: 2645, Time: 00:01:59

Health: -8/37      AC:  7    Str: 18    XL:     4   Next: 73%
Magic:  0/4        EV:  9    Int:  9    God:
Gold:   83         SH:  4    Dex: 13    Spells: 3/3 levels left

rFire   . . .      SeeInvis .   a - +0 long sword
rCold   . . .      Faith    .   c - +0 buckler
rNeg    . . .      Spirit   +   b - +0 scale mail
rPois   .          Reflect  .   (helmet restricted)
rElec   .          Harm     .   (no cloak)
rCorr   .          Rampage  .   (no gloves)
Will    .....                   (no boots)
Stlth   ..........              o - amulet of guardian spirit
HPRegen 0.12/turn               (no ring)
MPRegen 0.09/turn               (no ring)

@: no status effects
A: antennae 1, rugged brown scales 1, powered by death 1
a: no special abilities


You were on level 3 of the Dungeon.
You visited 1 branch of the dungeon, and saw 3 of its levels.

You collected 83 gold pieces.

Inventory:

Hand Weapons
 a - a +0 long sword (weapon)
Armour
 b - a +0 scale mail (worn)
 c - a +0 buckler (worn)
Jewellery
 o - an amulet of guardian spirit (around neck)
Scrolls
 f - 3 scrolls of identify {unknown}
 h - a scroll of acquirement {unknown}
 k - a scroll of fear {unknown}
 n - a scroll of blinking {unknown}
Potions
 d - a potion of might
 e - 2 potions of curing {unknown}
 g - a potion of cancellation {unknown}
 i - a potion of heal wounds {unknown}
 j - a potion of magic {unknown}
 l - a potion of ambrosia {unknown}
 m - a potion of mutation {unknown}


   Skills:
 + Level 3.6 Fighting
 * Level 3.1 Long Blades
 + Level 3.2 Armour
 + Level 3.2 Shields


You had 3 spell levels left.
You didn't know any spells.
Your spell library contained the following spells:

 Spells                   Type           Power      Damage    Failure   Level
 Call Canine Familiar     Summ           0%         N/A       99%         3
 Portal Projectile        Hex/Tloc       0%         N/A       99%         3
 Leda's Liquefaction      Hex/Erth       0%         N/A       100%        4


Dungeon Overview and Level Annotations

Branches:
Dungeon (3/15)

Altars:
Sif Muna


Innate Abilities, Weirdness & Mutations

You have a pair of small antennae on your head.
You are partially covered in rugged brown scales. (AC +1, +3% HP)
You regenerate a little health from kills.


Message History

You hit the quokka.
The quokka is almost dead.
The quokka bites you but does no damage.
The quokka barely misses you.
You closely miss the quokka.
The quokka is almost dead.
The quokka bites you.
You closely miss the quokka.
The quokka is almost dead.
You block the quokka's attack. The quokka closely misses you.
You barely miss the quokka.
The quokka is almost dead.
You block the quokka's attack.
You hit the quokka.
You kill the quokka!
No target in view!
No target in view!
You see here a quokka corpse.
You now have 83 gold pieces (gained 14).
An iguana comes into view.
An iguana is nearby!
An iguana is nearby!
An iguana is nearby!
The iguana hisses angrily.
The iguana bites you!
You hit the iguana but do no damage. The iguana bites you.
You barely miss the iguana.
The iguana hisses menacingly.
The iguana bites you!
You are too injured to fight recklessly!
You are too injured to fight recklessly!
You hit the iguana but do no damage. The iguana closely misses you. x2
You hit the iguana but do no damage. The iguana bites you!
* * * LOW HITPOINT WARNING * * *
You closely miss the iguana.
The iguana bites you but does no damage.
You closely miss the iguana. The iguana bites you.
* * * LOW HITPOINT WARNING * * *
The iguana bites you!
You die...

.. # ...# # ### #..##..
... #..##.# #.. #..##.#
#.. #..##.# #.. ###
#..##.# #..
.....#####..##.#####
#..
#....l@.....(.....###..
#..#..###........†.....
#.. #.....###.##.#. ###
#....## #......
...#..... .......
##.#........)....
#.###.######.### ## .##
### #


You could see an iguana.

Vanquished Creatures
  Terence (D:2)
  2 adders
  A worm (D:2)
  2 dart slugs (D:1)
  10 endoplasms
  2 giant cockroaches
  6 hobgoblins
  9 jackals
  5 kobolds
  5 quokkas
  5 ball pythons
  4 bats
  5 frilled lizards
  4 goblins
  3 rats
64 creatures vanquished.

Vanquished Creatures (others)
  13 plants (D:2)
13 creatures vanquished.

Grand Total: 77 creatures vanquished

Notes
Turn   | Place    | Note
-------+----------+-------------------------------------------
     0 | D:1      | crazypyro the Demonspawn Fighter began the quest for the
                  | Orb.
     0 | D:1      | Reached XP level 1. HP: 18/18 MP: 1/1
   388 | D:1      | Gained mutation: You are partially covered in rugged brown
                  | scales. (AC +1, +3% HP) [demonic ancestry]
   388 | D:1      | Reached XP level 2. HP: 17/24 MP: 2/2
   965 | D:1      | Gained mutation: You regenerate a little health from kills.
                  | [demonic ancestry]
   965 | D:1      | Reached XP level 3. HP: 25/29 MP: 3/3
  1523 | D:2      | Noticed Terence
  1529 | D:2      | Killed Terence
  1530 | D:2      | Gained mutation: You have a pair of small antennae on your
                  | head. [demonic ancestry]
  1530 | D:2      | Reached XP level 4. HP: 36/36 MP: 4/4
  1831 | D:2      | Found a shimmering blue altar of Sif Muna.
  2351 | D:2      | Found a faded altar of an unknown god.
  2645 | D:3      | Mangled by an iguana

Illustrated notes

Levels and vault maps discovered:
D:1:      minmay_arrival_arboretum_small, layout_loops_ring
D:2:      layout_loops_corners, dilly_ecumenical_altar_fadedgnrine, basic_altar,
          kennysheep_generic_room_12, uniq_terence
D:3:      layout_loops_ring

Skill      XL: |  1  2  3  4 |
---------------+-------------+-----
Long Blades    | 2 3 |  3.1
Armour         | 3 |  3.2
Shields        | 3 |  3.2
Fighting       | |  3.6

Action                   |  1- 3 |  4- 6 || total
-------------------------+-------+-------++-------
Melee: Long sword        |   113 |   115 ||   228
Armor: Scale mail        |    63 |    69 ||   132
Dodge: Dodged            |    57 |    53 ||   110
Block: Buckler           |    32 |    32 ||    64
